Map: [ESL] Alcyone

Players

DisK

  • Race: Protoss Protoss
  • Spawn Location: 1:00

Maplez - Winner!

  • Race: Protoss Protoss
  • Spawn Location: 7:00

Event: ESL SC2 Masters 2024 Spring (Regional)

VOD

Have the link to the VOD?

Description

Time

  • Played on: April 14, 2024, 10:49 a.m.
  • Length: 10:57

All games in this series

Show
View Real Time Build Order
Export as new Build Order

DisK Protoss 

Build Orders: Phoenix Opening 

Get SALT Encoding   

  12  0:00  Probe  
  13  0:12  Probe  
  14  0:17  Pylon  
  14  0:25  Probe (Chrono Boost)  
  15  0:35  Gateway  
  15  0:37  Probe (Chrono Boost)  
  16  0:46  Assimilator, Probe (Chrono Boost)  
  17  0:52  Probe  
  17  0:56  Assimilator  
  18  1:04  Probe (Chrono Boost)  
  19  1:13  Probe (Chrono Boost)  
  19  1:15  Gateway  
  20  1:18  Probe (Chrono Boost)  
  20  1:25  Cybernetics Core  
  21  1:30  Probe  
  22  1:37  Pylon  
  22  1:43  Probe  
  23  1:55  Probe  
  24  2:01  Stalker  
  24  2:03  Warp Gate, Stalker  
  28  2:09  Probe  
  28  2:15  Pylon  
  29  2:29  Probe, Shield Battery  
  30  2:34  Sentry  
  30  2:35  Sentry  
  34  3:00  Nexus  
  34  3:02  Shield Battery  
  34  3:10  Phoenix  
  34  3:11  Probe  
  34  3:16  Robotics Facility  
  34  3:23  Probe (Chrono Boost)  
  34  3:26  Pylon  
  35  3:35  Probe (Chrono Boost)  
  36  3:43  Probe (Chrono Boost)  
  37  3:49  Probe  
  37  3:51  Stalker x2  
  42  4:01  Probe  
  43  4:05  Immortal (Chrono Boost)  
  47  4:14  Probe (Chrono Boost)  
  48  4:18  Probe (Chrono Boost)  
  50  4:26  Probe (Chrono Boost)  
  50  4:28  Stalker, Probe (Chrono Boost)  
  53  4:31  Probe (Chrono Boost)  
  53  4:33  Observer, Probe (Chrono Boost)  
  53  4:35  Pylon  
  56  4:40  Sentry, Phoenix, Probe  
  56  4:44  Probe  
  60  4:48  Twilight Council  
  60  4:52  Probe  
  61  4:59  Immortal  
  65  5:01  Probe  
  66  5:08  Probe  
  66  5:11  Pylon  
  66  5:13  Probe  
  68  5:21  Blink (Chrono Boost)  
  68  5:24  Nexus  
  68  5:28  Probe  
  68  5:29  Probe  
  68  5:34  Shield Battery  
  70  5:42  Probe x2  
  72  5:47  Stalker x2  
  76  5:56  Probe  
  77  6:00  Pylon  
  77  6:01  Assimilator  
  77  6:06  Gateway  
  77  6:07  Gateway  
  75  6:23  Probe  
  75  6:24  Probe  
  76  6:29  Pylon x2  
  76  6:30  Immortal  
  76  6:31  Forge  
  80  6:36  Probe (Chrono Boost)  
  80  6:39  Probe x2 (Chrono Boost)  
  81  6:46  Adept x2  
  86  6:47  Probe (Chrono Boost)  
  86  6:48  Probe (Chrono Boost)  
  86  6:49  Probe (Chrono Boost)  
  86  6:52  Pylon, Probe (Chrono Boost)  
  86  6:53  Probe (Chrono Boost)  
  89  6:54  Probe  
  89  6:58  Protoss Ground Weapons Level 1 (Chrono Boost)  
  91  7:02  Probe  
  91  7:04  Gateway  
  91  7:05  Probe, Gateway  
  91  7:07  Probe  
  94  7:13  Stalker x2  
  94  7:14  Probe  
  99  7:17  Assimilator, Probe  
  99  7:19  Probe  
  101  7:26  Pylon, Probe  
  101  7:28  Observer  
  101  7:29  Probe  
  103  7:31  Probe  
  103  7:32  Stalker x2  
  109  7:40  Nexus  
  109  7:41  Charge  
  109  7:43  Pylon  
  109  7:52  Probe  
  109  7:53  Probe x2  
  109  7:54  Photon Cannon  
  109  7:57  Photon Cannon  
  112  7:59  Photon Cannon  
  112  8:02  Shield Battery  
  112  8:03  Photon Cannon  
  112  8:05  Pylon, Observer  
  113  8:13  Probe x2  
  113  8:16  Stalker x3  
  121  8:21  Pylon, Stalker x2  
  121  8:25  Stalker  
  127  8:33  Gateway x2  
  127  8:34  Observer  
  127  8:41  Protoss Ground Weapons Level 2 (Chrono Boost), Photon Cannon  
  128  8:42  Pylon  
  128  8:44  Probe x3  
  132  8:57  Robotics Facility  
  132  8:58  Robotics Bay  
  132  9:04  Stalker x4  
  132  9:05  Stalker  
  132  9:09  Shield Battery  
  141  9:12  Shield Battery  
  141  9:13  Stalker  
  141  9:14  Pylon  
  143  9:25  Assimilator  
  143  9:27  Assimilator  
  143  9:30  Stalker x4  
  143  9:31  Zealot x3  
  157  9:44  Photon Cannon  
  153  9:47  Photon Cannon  
  153  9:48  Photon Cannon  
  153  9:49  Photon Cannon  
  153  9:50  Pylon  
  153  9:52  Disruptor, Photon Cannon  
  153  9:57  Zealot x2  
  153  9:58  Zealot x3  
  145  10:03  Zealot x3  
  127  10:11  Disruptor  
  109  10:20  Stalker x4  
  94  10:37  Stalker x4  
  80  10:50  Stalker x4  
Show
View Real Time Build Order
Export as new Build Order

Maplez Protoss - Winner!

Build Orders: Oracle Opening, Blink Stalkers 

Get SALT Encoding   

  12  0:00  Probe  
  13  0:12  Probe  
  14  0:17  Pylon  
  14  0:24  Probe (Chrono Boost)  
  16  0:36  Probe (Chrono Boost), Gateway  
  16  0:43  Probe (Chrono Boost)  
  16  0:45  Assimilator  
  17  0:51  Probe  
  17  0:53  Assimilator  
  18  1:03  Probe (Chrono Boost)  
  19  1:08  Gateway  
  20  1:12  Probe (Chrono Boost)  
  20  1:17  Probe (Chrono Boost)  
  20  1:23  Cybernetics Core  
  21  1:29  Probe  
  22  1:41  Probe  
  22  1:42  Pylon  
  23  1:58  Warp Gate (Chrono Boost)  
  23  2:00  Sentry, Stalker, Probe  
  28  2:07  Pylon  
  28  2:12  Probe  
  29  2:20  Oracle  
  29  2:23  Sentry  
  31  2:32  Stalker  
  31  2:36  Probe  
  34  2:48  Nexus  
  34  2:55  Pylon  
  34  3:00  Probe  
  35  3:06  Twilight Council  
  35  3:12  Probe  
  36  3:17  Shield Battery  
  36  3:24  Probe  
  37  3:32  Robotics Facility  
  37  3:36  Probe  
  38  3:42  Sentry, Stalker  
  42  3:48  Gateway  
  42  3:50  Probe  
  42  3:51  Blink (Chrono Boost)  
  42  3:53  Pylon  
  43  4:04  Probe  
  43  4:06  Probe  
  45  4:16  Probe  
  46  4:18  Observer, Stalker, Probe  
  50  4:28  Probe  
  50  4:30  Probe  
  52  4:31  Stalker  
  54  4:40  Probe  
  54  4:42  Probe  
  56  4:47  Pylon  
  56  4:52  Observer, Probe  
  57  4:54  Probe  
  57  4:57  Adept x2  
  63  5:02  Pylon  
  63  5:04  Probe  
  63  5:06  Assimilator, Probe  
  65  5:15  Nexus  
  65  5:17  Probe  
  66  5:21  Probe  
  66  5:23  Shield Battery  
  67  5:29  Observer, Probe  
  67  5:33  Probe  
  67  5:35  Stalker x2  
  71  5:38  Stalker  
  71  5:41  Probe  
  76  5:46  Probe  
  77  5:50  Forge  
  77  5:54  Probe  
  77  5:58  Probe  
  77  6:02  Gateway  
  77  6:03  Gateway  
  78  6:06  Probe  
  78  6:10  Probe  
  80  6:11  Gateway  
  80  6:12  Gateway  
  80  6:14  Protoss Ground Weapons Level 1 (Chrono Boost)  
  80  6:21  Probe  
  80  6:25  Immortal (Chrono Boost)  
  83  6:27  Probe  
  83  6:28  Probe  
  83  6:32  Charge (Chrono Boost)  
  83  6:33  Probe  
  83  6:37  Pylon  
  83  6:39  Probe  
  83  6:40  Probe  
  84  6:49  Zealot x3  
  84  6:52  Pylon  
  84  6:53  Pylon, Warp Prism (Chrono Boost)  
  90  6:55  Pylon  
  92  7:07  Pylon  
  92  7:09  Zealot x3  
  98  7:19  Assimilator  
  98  7:20  Nexus  
  98  7:22  Pylon  
  98  7:25  Immortal (Chrono Boost)  
  98  7:29  Probe  
  103  7:37  Templar Archives  
  103  7:38  Probe  
  103  7:39  Assimilator, Probe  
  103  7:41  Probe  
  106  7:47  Protoss Ground Weapons Level 2 (Chrono Boost)  
  106  7:53  Zealot x3  
  106  7:54  Zealot x3  
  118  8:09  Shield Battery  
  118  8:10  Stalker  
  120  8:16  High Templar x4  
  120  8:17  Zealot x2  
  132  8:21  Archon x2  
  132  8:23  Immortal (Chrono Boost)  
  132  8:26  Photon Cannon  
  136  8:28  Shield Battery  
  136  8:29  Probe x2  
  138  8:39  Gateway  
  138  8:40  High Templar, Gateway  
  138  8:41  High Templar  
  142  8:45  Pylon, Probe x3  
  142  8:47  Archon, Probe  
  146  8:54  Observer (Chrono Boost)  
  146  8:57  Probe x2  
  146  9:01  Zealot x5  
  159  9:03  Probe  
  159  9:04  Probe  
  159  9:07  Photon Cannon  
  161  9:13  Probe  
  161  9:14  Pylon  
  162  9:19  Pylon  
  162  9:24  Pylon  
  162  9:33  Stalker x3  
  167  9:39  High Templar x3  
  167  9:40  Zealot x3  
  167  9:45  Archon  
  178  9:50  Nexus  
  178  9:52  Assimilator  
  178  9:55  Pylon  
  170  10:04  Zealot x5  
  170  10:05  Zealot  
  164  10:11  Zealot x2  
  164  10:12  Zealot  
  150  10:14  Probe  
  150  10:15  Probe  
  150  10:17  Probe  
  147  10:21  Probe  
  147  10:24  Observer (Chrono Boost), Stalker x2, Robotics Facility  
  147  10:25  Stalker  
  147  10:26  Robotics Bay  
  155  10:29  Zealot, Assimilator, High Templar  
  155  10:33  Assimilator  
  151  10:39  Archon, Probe x2  
  143  10:47  Zealot x2  
  143  10:48  Zealot x2  
Tags
 
Add a new tag
Caveats
  • Supply blocks, unpowered buildings, or Contaminate may cause inaccurate times.
  • Supply counts are checked every 10 seconds.